 Dungeon Crawl Stone Soup version 0.28-a0-751-gef3a642a4e (webtiles) character file.

Game seed: 7788538691525730833

5 Gargoyl the Skirmisher (level 1, -15/23 HPs)
             Began as a Gnoll Abyssal Knight on Oct 30, 2021.
             Was a Follower of Lugonu.
             Demolished by a tentacled starspawn (16 damage)
             ... on level 3 of the Abyss.
             The game lasted 00:00:24 (46 turns).

Gargoyl the Skirmisher (Gnoll Abyssal Knight)         Turns: 46, Time: 00:00:24

Health: -15/23     AC:  3    Str: 12    XL:     1   Next: 80%
Magic:  3/3        EV: 12    Int:  9    God:    Lugonu [*.....]
Gold:   0          SH:  0    Dex: 12    Spells: 0/0 levels left

rFire   . . .      SeeInvis .   a - +1 hand axe
rCold   . . .      Faith    .   (no shield)
rNeg    . . .      Spirit   .   b - +0 leather armour
rPois   .          Reflect  .   (no helmet)
rElec   .          Harm     .   (no cloak)
rCorr   .          Rampage  .   (no gloves)
Will    .....                   (no boots)
Stlth   +.........              (no amulet)
HPRegen 0.07/turn               (no ring)
MPRegen 0.08/turn               (no ring)

@: no status effects
A: fangs 1, strong nose, distributed training
a: Renounce Religion, Depart the Abyss


You were on level 3 of the Abyss.
You worshipped Lugonu.
Lugonu was aware of your devotion.
You visited 0 branches of the dungeon, and saw 0 of its levels.
You visited the Abyss 1 time.

Inventory:

Hand Weapons
 a - a +1 hand axe (weapon)
Armour
 b - a +0 leather armour (worn)


   Skills:
 + Level 6.4 Fighting
 + Level 0.1 Short Blades
 + Level 0.1 Long Blades
 + Level 4.4 Axes
 + Level 0.1 Maces & Flails
 + Level 0.1 Polearms
 + Level 0.1 Staves
 + Level 0.1 Slings
 + Level 0.1 Bows
 + Level 0.1 Crossbows
 + Level 0.1 Throwing
 + Level 4.4 Armour
 + Level 2.4 Dodging
 + Level 0.1 Stealth
 + Level 0.1 Shields
 + Level 0.1 Unarmed Combat
 + Level 0.1 Spellcasting
 + Level 0.1 Conjurations
 + Level 0.1 Hexes
 + Level 0.1 Summonings
 + Level 0.1 Necromancy
 + Level 0.1 Translocations
 + Level 0.1 Transmutations
 + Level 0.1 Fire Magic
 + Level 0.1 Ice Magic
 + Level 0.1 Air Magic
 + Level 0.1 Earth Magic
 + Level 0.1 Poison Magic
 + Level 4.4 Invocations
 + Level 0.1 Evocations


You couldn't memorise any spells.
You didn't know any spells.
Your spell library was empty.

Dungeon Overview and Level Annotations

Branches:
Dungeon (0/15)

Altars:


Innate Abilities, Weirdness & Mutations

You have very sharp teeth.
Your uncanny sense of smell can sniff out nearby items.
Your experience applies equally to all skills.


Message History

A tentacled starspawn comes into view.
You see here a scroll labelled REBBANANAV.
c - a scroll labelled REBBANANAV What are your orders? t - Bark!
Orders for allies: a - Attack new target. r - Retreat! s - Stop attacking. g - Guard the area. f - Follow me.
Anything else - Cancel.
Retreat in which direction?
Press: ? - help, Dir - move target, f - you
Okay, then.
As you read the scroll labelled REBBANANAV, it crumbles to dust.
You speak a Word of immense power!
It was a scroll of holy word.
Tentacles burst from the starspawn's body! 2 starspawn tentacles come into view.
The starspawn tentacle grabs you. The starspawn tentacle constricts you.
The starspawn tentacle's grasp on you weakens, but your attempt to escape fails.
Something loses its grip on you. The starspawn tentacle grabs you.
The starspawn tentacle constricts you.
* * * LOW HITPOINT WARNING * * *
You escape the starspawn tentacle's grasp.
The starspawn tentacle grabs you. The starspawn tentacle constricts you.
* * * LOW HITPOINT WARNING * * *
The starspawn tentacle loses its grip on you.
The tentacle pulls you backwards!
Unknown command.
The starspawn tentacle barely misses you.
There is a gateway leading deeper into the Abyss here.
Unknown command.
The tentacled starspawn closely misses you.
The tentacled starspawn misses you. The starspawn tentacle grabs you.
You stop descending the stairs.
The starspawn tentacle constricts you.
* * * LOW HITPOINT WARNING * * *
Unknown command.
You escape the starspawn tentacle's grasp.
The tentacled starspawn bites you but does no damage.
The tentacled starspawn tentacle-slaps you!
Ouch! That really hurt!
You die...

.# .##.#.. ..# ..#....
.#.####.#.. ..
............ ##..###
#..........# ..#.#....
#.......#..##... .. ..
....#...##.#.#.#..#..
.......@......# ...#
.......wX#.##.....#
.#.......w§.. ....
#..∩).#...W#.... #
#....#.....§... .##
#......#.......#.§§..#
.... ......#...#..#..#
#.....#..#...#....# .#
#....#$.......... # #


You could see a tentacled starspawn, a shadow and 2 starspawn tentacles.

Vanquished Creatures
  An ufetubus (Abyss:2)
1 creature vanquished.

Notes
Turn   | Place    | Note
-------+----------+-------------------------------------------
     0 | Abyss:1  | Gargoyl the Gnoll Abyssal Knight began the quest for the
                  | Orb.
     0 | Abyss:1  | Reached XP level 1. HP: 23/23 MP: 3/3
     4 | Abyss:2  | Found a corrupted altar of Lugonu.
    31 | Abyss:3  | Noticed a tentacled starspawn
    45 | Abyss:3  | Noticed a shadow
    45 | Abyss:3  | HP: 1/23 [constriction[a tentacled starspawn] (3)]
    46 | Abyss:3  | Demolished by a tentacled starspawn

Illustrated notes

Levels and vault maps discovered:
Abyss:3:  base: Temple, bh_abyss_exit_spiral

Action                   || total
-------------------------++-------
Melee: Hand axe          ||     7
  Use: Scroll            ||     1
Armor: Leather armour    ||     4
Dodge: Dodged            ||    15

Table legend: (Time is in decaauts)
 A = Elapsed time spent in this place.
 B = Non-inter-level travel time spent in this place.
 C = Inter-level travel time spent in this place.
 D = Time resting spent in this place.
 E = Time spent auto-exploring this place.
 F = Levels seen in this place.
 G = Mean time per level.
                   A        B        C        D        E       F      G
               +--------+--------+--------+--------+--------+-----+--------+
         Total |     46 |     46 |      0 |      0 |      1 |   3 |   15.3 |
         Abyss |     46 |     46 |      0 |      0 |      1 |   3 |   15.3 |
               +--------+--------+--------+--------+--------+-----+--------+

Top non-repeatable levels by time:
 Abyss:2: 24 daAuts
 Abyss:3: 19 daAuts
 Abyss:1: 2 daAuts
